 Dungeon Crawl Stone Soup version 0.19.0 (webtiles) character file.

4979 PurpleRed the Cleaver (level 10, -3/79 HPs)
             Began as a Formicid Fighter on Nov 11, 2016.
             Was a Believer of Okawaru.
             Slain by a spectral orc knight
             ... wielding a +3 great sword of electrocution
             ... summoned by Nergalle
              (20 damage)
             ... on level 10 of the Dungeon.
             The game lasted 00:13:29 (9617 turns).

PurpleRed the Cleaver (Formicid Fighter)            Turns: 9617, Time: 00:13:29

Health: -3/79      AC: 17    Str: 26    XL:     10   Next: 83%
Magic:  8/10       EV: 10    Int:  8    God:    Okawaru [**....]
Gold:   344        SH: 14    Dex: 17    Spells: 0 memorised, 9 levels left

rFire  . . .     SeeInvis +     a - +0 war axe
rCold  . . .     Gourm    .     m - +0 plate armour
rNeg   . . .     Faith    .     i - +2 shield
rPois  .         Spirit   .     (helmet unavailable)
rElec  .         Reflect  .     k - +1 cloak
rCorr  .         Harm     .     (no gloves)
MR     +....                    (no boots)
Stlth  ..........               (no amulet)
                                o - +5 ring of dexterity
                                q - +4 ring of strength

@: heroism, drained
A: permanent stasis, dig shafts and tunnels, four strong arms, antennae 3
a: Dig, Shaft Self, Heroism, Renounce Religion


You were on level 10 of the Dungeon.
You worshipped Okawaru.
Okawaru was pleased with you.
You were not hungry.

You visited 2 branches of the dungeon, and saw 11 of its levels.

You collected 597 gold pieces.
You spent 253 gold pieces at shops.

Inventory:

Hand Weapons
 a - a +0 war axe (weapon)
 y - a +0 battleaxe
Armour
 i - a +2 shield (worn)
 k - a +1 cloak (worn)
 m - a +0 plate armour (worn)
 A - a +0 pair of boots
Jewellery
 o - a +5 ring of dexterity (right hand)
 q - a +4 ring of strength (left hand)
 s - a +1 ring of protection
Wands
 t - a wand of paralysis (6/24)
 w - a wand of lightning (12/15)
 x - a wand of polymorph (6/24)
 z - a wand of acid (3/15)
Scrolls
 b - 6 scrolls of remove curse
 c - 2 scrolls of identify
 l - 6 scrolls of recharging
 u - a scroll of fear
Potions
 e - 9 potions of curing
 h - a potion of beneficial mutation {unknown}
 j - 2 potions of cure mutation
 n - a potion of brilliance
 p - a potion of lignification
 r - 4 potions of agility
 v - 2 potions of degeneration {unknown}
 B - 2 potions of flight
Comestibles
 d - a slice of pizza
 f - 8 bread rations
 g - 8 meat rations


   Skills:
 - Level 7.6(11.4) Fighting
 * Level 12.0(15.8) Axes
 - Level 7.9(11.7) Armour
 + Level 4.3(8.2) Shields


You had 9 spell levels left.
You didn't know any spells.

Dungeon Overview and Level Annotations

Branches:
Dungeon (10/15)            Temple (1/1) D:6             Orc (0/2) D:9
   Lair: D:8-11

Altars:
Ashenzari
Cheibriados
Dithmenos
Elyvilon
Fedhas
Gozag
Hepliaklqana
Kikubaaqudgha
Makhleb
Nemelex Xobeh
Okawaru
Qazlal
Ru
Sif Muna
Trog
Uskayaw
Vehumet
Xom
Yredelemnul
Zin
The Shining One

Shops:
D:5 !   D:6 :   D:7 !   D:8 (

Annotations:
D:10 Nergalle


Innate Abilities, Weirdness & Mutations

You are under a permanent stasis effect.
You can dig through walls and to a lower floor.
Your four strong arms can wield two-handed weapons with a shield.
You have a pair of large antennae on your head. (SInv)


Message History

Your plate armour prevents you from hitting the spectral orc warrior.
You hit the spectral orc knight.
The spectral orc knight hits you but does no damage.
The spectral orc warrior hits you but does no damage.
Nergalle gestures at you while chanting.
The bolt of negative energy hits you!
You feel drained.
* * * LOW HITPOINT WARNING * * *
A jackal comes into view.
The jackal barks!
You hit Nergalle.
Nergalle is almost dead.
You hit the spectral orc knight but do no damage.
You hit the spectral orc warrior but do no damage.
You hit the spectral orc knight but do no damage.
You slash the spectral orc warrior!
You destroy the spectral orc warrior!
The spectral orc warrior hits you but does no damage.
The spectral orc knight hits you but does no damage.
You are electrocuted!
You die...

.####.# #.# ≈≈≈.h. #.#
....≈. #.# ?≈h.; #.#
.h..
.####.##########..o{
...............Z#h######
.###.#.########ZZ)o.....
..###.........@o#
###.#.########Z### #
##...## #Z###..##
#.###.#######........
#.# #.........#######
#.###.#####.........
##...(......########
############


You could see Nergalle, 2 spectral orc warriors, 3 spectral orc knights, 3
hounds, an electric eel, 2 orcs and a jackal.

Vanquished Creatures
  A hornet (D:7)
  A spriggan (D:8)
  Sigmund (D:3)
  A wyvern (D:7)
  2 humans (D:7)
  Duvessa (D:7)
  2 orc warriors
  A hornet zombie (D:9)
  An ice beast (D:6)
  A sky beast (D:6)
  A necrophage (D:8)
  3 ogres
  3 centaurs
  3 big kobolds
  Blork the orc (D:6)
  3 bullfrogs
  5 scorpions
  Dowan (D:7)
  8 wights
  4 killer bees (D:9)
  2 howler monkeys
  2 crimson imps (D:7)
  9 orc priests
  5 hounds
  A bullfrog skeleton (D:6)
  A centaur skeleton (D:4)
  A quasit (D:6)
  6 orc wizards
  Terence (D:2)
  Natasha (thrice) (D:3)
  5 iguanas
  5 worker ants
  A killer bee zombie (D:6)
  2 hound zombies
  2 hound skeletons
  A worker ant zombie (D:9)
  Robin (D:3)
  14 gnolls
  12 adders
  2 shadow imps
  5 oozes
  An adder skeleton (D:5)
  2 worms
  A dart slug (D:4)
  6 leopard geckos
  37 orcs
  4 giant cockroaches
  9 hobgoblins
  A jackal (D:10)
  14 kobolds
  6 quokkas
  2 ball pythons (D:4)
  A ball python skeleton (D:5)
  5 bats
  4 frilled lizards
  13 goblins
  A jackal zombie (D:5)
  2 leopard gecko skeletons (D:6)
  6 rats
240 creatures vanquished.

Notes
Turn   | Place    | Note
-------+----------+-------------------------------------------
     0 | D:1      | PurpleRed the Formicid Fighter began the quest for the Orb.
     0 | D:1      | Reached XP level 1. HP: 18/18 MP: 1/1
   106 | D:1      | Reached XP level 2. HP: 23/24 MP: 2/2
   162 | D:1      | You fall through a shaft!
   166 | D:2      | Noticed Terence
   173 | D:2      | Killed Terence
   173 | D:2      | Reached skill level 3 in Axes
   173 | D:2      | Reached XP level 3. HP: 29/29 MP: 3/3
   297 | D:2      | Reached skill level 4 in Axes
   297 | D:2      | Reached XP level 4. HP: 34/35 MP: 4/4
  1412 | D:2      | Reached XP level 5. HP: 35/41 MP: 5/5
  1486 | D:3      | Noticed Robin
  1492 | D:3      | Reached skill level 5 in Axes
  1494 | D:3      | Killed Robin
  1603 | D:3      | Noticed Natasha
  1608 | D:3      | Killed Natasha
  1703 | D:3      | Noticed Natasha
  1711 | D:3      | Killed Natasha
  1711 | D:3      | Reached XP level 6. HP: 39/47 MP: 6/6
  1780 | D:3      | Reached skill level 6 in Axes
  1976 | D:3      | Noticed Sigmund
  1994 | D:3      | Killed Sigmund
  2168 | D:3      | Noticed Natasha
  2174 | D:3      | Killed Natasha
  2174 | D:3      | Reached skill level 7 in Axes
  2174 | D:3      | Reached XP level 7. HP: 48/52 MP: 7/7
  2485 | D:4      | Found a glowing silver altar of Zin.
  2707 | D:4      | Reached skill level 8 in Axes
  3365 | D:4      | Reached XP level 8. HP: 40/58 MP: 8/8
  3480 | D:5      | Entered Level 5 of the Dungeon
  3647 | D:5      | Found a shimmering altar of Xom.
  3649 | D:5      | Found a shattered altar of Ashenzari.
  4239 | D:5      | Found Anwopna's Distillery.
  4242 | D:5      | Bought a potion of heal wounds for 55 gold pieces
  4242 | D:5      | Bought a potion of mutation for 27 gold pieces
  4242 | D:5      | Bought a potion of flight for 33 gold pieces
  4242 | D:5      | Bought a potion of curing for 33 gold pieces
  4282 | D:5      | Found an ancient bone altar of Kikubaaqudgha.
  4569 | D:6      | Reached skill level 9 in Axes
  4972 | D:6      | Found Ziothal's Book Shoppe.
  5040 | D:6      | Found a staircase to the Ecumenical Temple.
  5104 | Temple   | Entered the Ecumenical Temple
  5460 | D:6      | Reached skill level 5 in Armour
  5478 | D:6      | Reached XP level 9. HP: 36/67 MP: 9/9
  5688 | D:6      | Reached skill level 5 in Fighting
  5905 | D:6      | Noticed Blork the orc
  5921 | D:6      | Killed Blork the orc
  6401 | D:7      | Reached skill level 10 in Axes
  6681 | D:7      | Noticed Dowan
  6694 | D:7      | Killed Dowan
  6745 | D:7      | Noticed a hornet
  6914 | D:7      | Noticed Duvessa
  6933 | D:7      | Killed Duvessa
  6943 | D:7      | Killed a hornet
  7262 | D:7      | Found a hazy altar of Hepliaklqana.
  7278 | D:7      | Found an iron altar of Okawaru.
  7300 | D:7      | Became a worshipper of Warmaster Okawaru
  7335 | D:7      | Reached XP level 10. HP: 64/77 MP: 10/10
  7562 | D:7      | Reached skill level 11 in Axes
  7692 | D:7      | Found Jouqudic's Distillery.
  7700 | D:7      | Bought a potion of agility for 60 gold pieces
  7700 | D:7      | Bought a potion of curing for 45 gold pieces
  7880 | D:8      | Found Ezivve's Antique Weapon Shop.
  8124 | D:8      | Reached * piety under Okawaru
  8144 | D:8      | Found a sacrificial altar of Ru.
  8712 | D:9      | Reached ** piety under Okawaru
  8833 | D:9      | Found a staircase to the Orcish Mines.
  9273 | D:9      | Reached skill level 12 in Axes
  9394 | D:9      | Found a snail-covered altar of Cheibriados.
  9443 | D:9      | Found a deep blue altar of Sif Muna.
  9563 | D:10     | Entered Level 10 of the Dungeon
  9594 | D:10     | Noticed Nergalle
  9617 | D:10     | Slain by a spectral orc knight

Skill      XL: |  1  2  3  4  5  6  7  8  9 10 |
---------------+-------------------------------+-----
Axes           | 3 4 5 7 8 9 10 12 | 12.0
Armour         | 5 6 7 |  7.9
Fighting       | 4 6 7 |  7.6
Shields        | 4 |  4.3

Action                   |  1- 3 |  4- 6 |  7- 9 | 10-12 || total
-------------------------+-------+-------+-------+-------++-------
Melee: War axe           |    33 |   152 |   429 |   323 ||   937
Invok: Heroism           |       |       |       |     1 ||     1
  Use: Potion            |       |     1 |     7 |       ||     8
       Scroll            |       |       |    13 |     5 ||    18
  Eat: Chunk             |       |     3 |    17 |     6 ||    26
       Beef jerky        |       |       |     1 |       ||     1
       Pizza             |       |       |       |     1 ||     1
Armor: Scale mail        |    16 |    77 |     9 |       ||   102
       Chain mail        |       |       |    19 |       ||    19
       Plate armour      |       |       |   190 |   173 ||   363
Dodge: Dodged            |     8 |    66 |    84 |    64 ||   222
Block: Shield            |    13 |    92 |   231 |   170 ||   506
